 Dungeon Crawl Stone Soup version bcrawl-1.12-8-g964540c432 (webtiles) character file.

Game seed: 5266888763766180667

776 MisterOstroum the Conjurer (level 7, -1/45 HPs)
             Began as a Fairy Conjurer on June 9, 2019.
             Was an Initiate of Vehumet.
             Succumbed to Edmund's poison
             ... on level 4 of the Dungeon.
             The game lasted 00:18:20 (3519 turns).

MisterOstroum the Conjurer (Fairy Conjurer)         Turns: 3519, Time: 00:18:20

Health: -1/45      AC:  7    Str:  2    XL:     7   Next: 84%
Magic:  9/18       EV: 16    Int: 28    God:    Vehumet [......]
Gold:   349        SH:  5    Dex:  9    Spells: 3/18 levels left

rFire    + + .     SeeInvis .   x - +1 spear "Tuoziso" {pain, rElec rF++ Dex-4 Stlth+} (curse)
rCold    . . .     Gourm    .   (shield restricted)
rNeg     . . .     Faith    .   (armour unavailable)
rPois    .         Spirit   .   a - +1 hat {MR+}
rElec    +         Reflect  .   l - +0 cloak
rCorr    .         Harm     .   (no gloves)
MR       +....                  (no boots)
Stlth    +++.......             (no amulet)
HPRegen  0.15/turn              i - ring of stealth
MPRegen  0.16/turn              b - +3 ring of intelligence

@: brilliant, lethally poisoned (-1 -> -36)
A: small, magic attunement, unstealthy, unfitting armour, talons 1, weak 2,
MP-powered wands, able to fly, AC/SH +5
a: Fly, Renounce Religion


You were on level 4 of the Dungeon.
You worshipped Vehumet.
Vehumet was noncommittal.
You were not hungry.

You visited 2 branches of the dungeon, and saw 6 of its levels.

You collected 349 gold pieces.

Inventory:

Hand Weapons
 d - a +0 mace
 x - the cursed +1 spear "Tuoziso" (weapon) {pain, rElec rF++ Dex-4 Stlth+}
   (You found it on level 4 of the Dungeon)

   In the hands of one skilled in necromantic magic, it inflicts extra damage on
   living creatures.
   It affects your dexterity (-4).
   It greatly protects you from fire.
   It insulates you from electricity.
   It makes you more stealthy.
   It has a curse placed upon it.
Missiles
 g - 1052 stones (quivered)
 t - 52 tomahawks
Armour
 a - a +1 hat of magic resistance (worn)
 l - a +0 cloak (worn)
Jewellery
 b - a +3 ring of intelligence (right hand)
 i - a ring of stealth (left hand)
 j - an uncursed ring of resist corrosion
 m - a +3 ring of dexterity
 v - an uncursed ring of insulation
Wands
 w - a wand of digging (7)
 y - a wand of clouds (7)
Scrolls
 c - 2 scrolls of magic mapping {@r5 !r}
 h - 8 scrolls of identify {unknown}
 o - 3 scrolls of remove curse {@r2}
 p - a scroll of immolation {unknown}
 r - 2 scrolls of teleportation {@r3 !r}
 u - a scroll of enchant armour {unknown}
 z - a scroll of fog {unknown}
Potions
 f - a potion of mutation
 n - a potion of heal wounds {unknown}
 q - a potion of might {unknown}
Comestibles
 e - 8 rations {!d}


   Skills:
 + Level 2.7 Fighting
 - Level 5.0 Dodging
 - Level 1.5 Stealth
 * Level 6.2 Spellcasting
 * Level 7.3 Conjurations
 + Level 2.1 Transmutations


You had 3 spell levels left.
You knew the following spells:

 Your Spells              Type           Power        Failure   Level  Hunger
a - Magic Dart            Conj           ####         1%          1    None
b - Searing Ray           Conj           ######       1%          2    None
c - Iskenderun's Mystic   Conj           ######..     1%          3    None
d - Irradiate             Conj/Tmut      ######....   3%          5    None
e - Fulminant Prism       Conj/Hex       #####.....   1%          4    None

Your spell library contained the following spells:

 Spells                   Type           Power        Failure   Level  Hunger


Dungeon Overview and Level Annotations

Branches:
Dungeon (5/12)             Temple (1/1) D:4

Altars:
Ashenzari
Cheibriados
Dithmenos
Elyvilon
Fedhas
Gozag
Hepliaklqana
Kikubaaqudgha
Lugonu
Makhleb
Nemelex Xobeh
Okawaru
Qazlal
Ru
Sif Muna
Trog
Vehumet
Wu Jian
Xom
Yredelemnul
The Shining One

Shops:
D:4 (

Annotations:
D:4 Edmund


Innate Abilities, Weirdness & Mutations

Your spells do not cause hunger and MP costs are reduced by 1.
Your bright wings attract enemies. (Stealth-)
You cannot fit into any form of body armour.
Your shimmering scales are hard and can block incoming attacks. (AC +5, SH +5)
You are small and have problems with some larger weapons.
You can fly continuously.
You have sharp toenails.
You are very weak. (Str -4)
You expend magic power (3 MP) to strengthen your wands.


Message History

Some of the chunks of flesh in your inventory have rotted away.
Eating one of 2 chunks of flesh.
You eat one of the 2 chunks of flesh.
This raw flesh tastes terrible.
All of the chunks of flesh in your inventory have rotted away.
Magic restored.
You climb downwards.
Level annotation: Edmund Edmund barely misses you. x2
There is a stone staircase leading up here.
Edmund hits you with a +7 dire flail of venom.
You are poisoned.
You climb upwards.
You feel sick.
There is a stone staircase leading down here.
You feel sick.
You feel sick.
Casting: Magic Dart (safe; 1% risk of failure)
Confirm with . or Enter, or press ? or * to list all spells.
Aiming: Searing Ray (safe; 1% risk of failure)
Press: ? - help, Shift-Dir - straight line, f - Edmund
Aim: Edmund, wielding a +7 dire flail of venom and wearing a +0 chain mail The searing ray hits Edmund. (Press . to maintain the ray.)
You feel sick. Edmund closely misses you.
The searing ray hits Edmund.
Edmund is lightly wounded.
You block Edmund's attack.
The searing ray hits Edmund.
Edmund is moderately wounded.
You feel sick. You block Edmund's attack.
The searing ray hits Edmund.
Edmund is severely wounded.
You finish channeling your searing ray.
You feel sick.
Edmund hits you with a +7 dire flail of venom.
You are more poisoned.
Casting: Searing Ray (safe; 1% risk of failure)
Confirm with . or Enter, or press ? or * to list all spells.
Aiming: Searing Ray (safe; 1% risk of failure)
Press: ? - help, Shift-Dir - straight line, f/p - Edmund
Aim: Edmund, wielding a +7 dire flail of venom and wearing a +0 chain mail (severely wounded)
The searing ray hits Edmund.
Edmund is severely wounded. (Press . to maintain the ray.) Edmund hits you with a +7 dire flail of venom!
You are lethally poisoned!
Casting: Searing Ray (safe; 1% risk of failure)
Confirm with . or Enter, or press ? or * to list all spells.
Aiming: Fulminant Prism (slightly dangerous; 19% risk of failure)
Press: ? - help, Dir - move target cursor, f/p - Edmund
Aim: Edmund, wielding a +7 dire flail of venom and wearing a +0 chain mail (severely wounded)
You can't place the prism on a creature.
Unknown command.
Casting: Fulminant Prism (slightly dangerous; 19% risk of failure)
Confirm with . or Enter, or press ? or * to list all spells.
Aiming: Iskenderun's Mystic Blast (safe; 1% risk of failure)
Press: ? - help, Shift-Dir - straight line, f/p - Edmund
Aim: Edmund, wielding a +7 dire flail of venom and wearing a +0 chain mail (severely wounded)
The orb of energy misses Edmund.
You feel very sick. Edmund barely misses you.
Casting: Iskenderun's Mystic Blast (safe; 1% risk of failure)
Confirm with . or Enter, or press ? or * to list all spells.
Aiming: Iskenderun's Mystic Blast (safe; 1% risk of failure)
Press: ? - help, Shift-Dir - straight line, f/p - Edmund
Aim: Edmund, wielding a +7 dire flail of venom and wearing a +0 chain mail (severely wounded)
The orb of energy hits Edmund.
Edmund is severely wounded.
You feel sick.
Edmund hits you with a +7 dire flail of venom.
You are more poisoned.
Casting: Iskenderun's Mystic Blast (safe; 1% risk of failure)
Confirm with . or Enter, or press ? or * to list all spells.
Aiming: Searing Ray (safe; 1% risk of failure)
Press: ? - help, Shift-Dir - straight line, f/p - Edmund
Aim: Edmund, wielding a +7 dire flail of venom and wearing a +0 chain mail (severely wounded)
The searing ray hits Edmund.
Edmund is almost dead. (Press . to maintain the ray.)
* * * LOW HITPOINT WARNING * * *
You feel very sick. Edmund misses you.
Unknown command.
Unknown command.
The searing ray hits Edmund.
Edmund is almost dead.
* * * LOW HITPOINT WARNING * * *
You feel sick.
Edmund hits you with a +7 dire flail of venom.
* * * LOW HITPOINT WARNING * * *
You are more poisoned.
It was a potion of mutation.
You feel extremely strange.
You feel weaker.
You feel your magical essence link to your wands.
You feel weaker.
Your toenails lengthen and sharpen.
* * * LOW HITPOINT WARNING * * *
You feel very sick. You block Edmund's attack.
It was a potion of brilliance.
You feel clever all of a sudden.
You die...

#...##.#.........#.##'##.##.#..
#...##.#.###.....#....♣#....#..
#......#.#.#.).........#....'..
#####..#.>.#.###.#.##♣∩♣....#..
#...#.#...###.#.##....####..
##..##......##.####.♣##...#..
#..)....#...##.# #..##÷#.###
###.###)#..@...# #.....#.###
#.....#.....@..# #.#####....
#............<.# #.#########
#.......#...#### #..........
#.......#...# ###########
#.......##### ####### #
#.......# #.....#### ####...##
#......... ##### #.........
#..)...)..


You could see Edmund.

Vanquished Creatures
  A bullfrog (D:3)
  A scorpion (D:4)
  2 crimson imps
  A hound (D:4)
  3 orc priests
  Jessica (D:2)
  An iguana (D:3)
  5 orc wizards
  3 worker ants (D:4)
  A hound zombie (D:5)
  A hound skeleton (D:4)
  9 adders
  3 oozes
  2 adder skeletons (D:4)
  A worm (D:2)
  A dart slug (D:1)
  A leopard gecko (D:1)
  21 orcs
  5 bats
  2 giant cockroaches (D:2)
  9 goblins
  8 hobgoblins
  A quokka (D:3)
  A frilled lizard (D:1)
  A jackal skeleton (D:3)
  9 kobolds
  6 rats
  A fulminant prism (D:5)
101 creatures vanquished.

Vanquished Creatures (others)
  A crimson imp (D:4)
  An adder (D:4)
  A ball python skeleton (D:4)
  4 fulminant prisms
7 creatures vanquished.

Grand Total: 108 creatures vanquished

Notes
Turn   | Place    | Note
-------+----------+-------------------------------------------
     0 | D:1      | MisterOstroum the Fairy Conjurer began the quest for the
                  | Orb.
     0 | D:1      | Reached XP level 1. HP: 11/11 MP: 6/6
    65 | D:1      | Reached skill level 5 in Conjurations
    65 | D:1      | Reached XP level 2. HP: 17/17 MP: 8/8
    70 | D:1      | Learned a level 2 spell: Searing Ray
   224 | D:1      | Reached XP level 3. HP: 22/22 MP: 9/9
   608 | D:2      | Noticed Jessica
   614 | D:2      | Killed Jessica
   614 | D:2      | Reached skill level 1 in Fighting
   614 | D:2      | Reached XP level 4. HP: 28/28 MP: 7/11
   631 | D:2      | Learned a level 3 spell: Iskenderun's Mystic Blast
  1136 | D:2      | Found a white marble altar of Elyvilon.
  1588 | D:3      | Reached XP level 5. HP: 33/33 MP: 8/13
  1845 | D:3      | Reached skill level 6 in Conjurations
  1847 | D:3      | Reached XP level 6. HP: 39/39 MP: 10/15
  1919 | D:3      | Learned a level 5 spell: Irradiate
  2026 | D:3      | Reached skill level 5 in Spellcasting
  2109 | D:3      | Learned a level 4 spell: Fulminant Prism
  2314 | D:3      | Found a shimmering altar of Xom.
  2324 | D:3      | Found a burning altar of Makhleb.
  2327 | D:3      | Found a blossoming altar of Fedhas.
  2333 | D:3      | Found a corrupted altar of Lugonu.
  2409 | D:4      | Got an ancient spear
  2411 | D:4      | Identified the cursed +1 spear "Tuoziso" {pain, rElec rF++
                  | Dex-4 Stlth+} (You found it on level 4 of the Dungeon)
  2517 | D:4      | Found Olorgha's Weapon Emporium.
  2570 | D:4      | Reached skill level 1 in Transmutations
  2665 | D:4      | Reached XP level 7. HP: 44/45 MP: 7/17
  3027 | D:4      | Found a staircase to the Ecumenical Temple.
  3041 | Temple   | Entered the Ecumenical Temple
  3143 | Temple   | Became a worshipper of Vehumet
  3292 | D:5      | Entered Level 5 of the Dungeon
  3295 | D:5      | Reached skill level 7 in Conjurations
  3297 | D:5      | Reached skill level 5 in Dodging
  3400 | D:5      | Noticed Edmund
  3518 | D:4      | Gained mutation: You are weak. (Str -2) [potion of
                  | mutation]
  3518 | D:4      | Gained mutation: You expend magic power (3 MP) to
                  | strengthen your wands. [potion of mutation]
  3518 | D:4      | Gained mutation: You are very weak. (Str -4) [potion of
                  | mutation]
  3518 | D:4      | Gained mutation: You have sharp toenails. [potion of
                  | mutation]
  3518 | D:4      | HP: 1/45 [poisoned by Edmund]
  3519 | D:4      | Succumbed to Edmund's poison

Skill      XL: |  1  2  3  4  5  6  7 |
---------------+----------------------+-----
Spellcasting   | 3 4 5 6 |  6.2
Conjurations   | 5 6 7 |  7.3
Dodging        | 3 4 5 |  5.0
Fighting       | 1 2 |  2.7
Transmutations | 1 2 |  2.1
Stealth        | |  1.5

Action                   |  1- 3 |  4- 6 |  7- 9 || total
-------------------------+-------+-------+-------++-------
Melee: Spear             |       |       |     3 ||     3
Throw: Stone             |     1 |     5 |       ||     6
 Cast: Magic Dart        |    39 |    68 |    21 ||   128
       Searing Ray       |     7 |    10 |     6 ||    23
       Iskenderun's Myst |       |    24 |    19 ||    43
       Fulminant Prism   |       |     3 |     2 ||     5
 Abil: Stop Flying       |     1 |       |       ||     1
  Use: Scroll            |     1 |     2 |       ||     3
       Potion            |       |       |     2 ||     2
  Eat: Chunk             |       |     5 |     3 ||     8
Armor: Skin              |       |     3 |     3 ||     6
Dodge: Dodged            |     2 |    10 |    17 ||    29
Block: Other             |     2 |     3 |     7 ||    12
